Map: [ESL] Alcyone

Players

AqueroN

  • Race: Terran Terran
  • Spawn Location: 1:00

YoungYakov - Winner!

  • Race: Zerg Zerg
  • Spawn Location: 7:00

Event: ESL SC2 Masters 2023 Winter (Regional)

VOD

Have the link to the VOD?

Description

Time

  • Played on: Nov. 4, 2023, 11:04 a.m.
  • Length: 7:38

All games in this series

Show
View Real Time Build Order
Export as new Build Order

AqueroN Terran 

Build Orders: Hellion Opening, Reaper Expand 

Get SALT Encoding   

  12  0:00  SCV  
  13  0:12  SCV  
  14  0:17  Supply Depot  
  14  0:24  SCV  
  15  0:38  SCV  
  15  0:40  Barracks  
  16  0:43  Refinery  
  16  0:50  SCV  
  17  1:03  SCV  
  18  1:15  SCV  
  19  1:27  Orbital Command, Reaper  
  20  1:38  Command Center  
  20  1:48  Supply Depot  
  20  1:53  SCV  
  21  1:59  Marine  
  22  2:05  SCV  
  23  2:09  Factory  
  23  2:19  Barracks Reactor, SCV  
  23  2:21  Refinery  
  24  2:31  SCV  
  25  2:43  SCV  
  26  2:54  Orbital Command  
  26  2:55  SCV  
  27  3:03  Starport  
  27  3:04  Hellion x2  
  31  3:07  SCV, Marine  
  33  3:19  SCV  
  34  3:20  SCV  
  34  3:25  Hellion x2, Supply Depot  
  39  3:29  Barracks Tech Lab  
  39  3:31  SCV  
  39  3:32  SCV  
  41  3:42  Fusion Core  
  41  3:43  SCV  
  41  3:47  Hellion x2  
  46  3:49  SCV  
  46  3:52  Supply Depot  
  47  3:55  SCV  
  47  4:02  SCV  
  52  4:07  Marine  
  52  4:08  SCV  
  51  4:10  Hellion, Supply Depot  
  51  4:12  Hellion  
  51  4:14  SCV  
  55  4:20  SCV  
  56  4:28  SCV  
  57  4:31  Battlecruiser  
  57  4:32  Supply Depot, SCV  
  57  4:37  Hellion  
  66  4:39  Hellion  
  66  4:42  SCV  
  69  4:46  Supply Depot  
  69  4:51  SCV  
  70  5:00  Supply Depot  
  70  5:01  Hellion  
  73  5:07  SCV x2  
  73  5:10  Command Center  
  76  5:19  SCV x2  
  78  5:21  Barracks Tech Lab  
  78  5:23  Barracks  
  76  5:29  Barracks, Engineering Bay x2  
  76  5:30  Supply Depot  
  76  5:31  SCV  
  76  5:32  SCV  
  78  5:36  Factory Reactor  
  78  5:44  Battlecruiser  
  78  5:47  Marine  
  85  5:51  Stimpack  
  85  5:52  SCV  
  86  5:59  SCV  
  81  6:05  Marine  
  81  6:06  SCV  
  81  6:09  Refinery  
  77  6:11  SCV  
  77  6:12  Refinery  
  77  6:18  SCV, Marine x2  
  81  6:24  SCV  
  82  6:26  Marine x3  
  82  6:30  SCV  
  86  6:33  Barracks  
  86  6:38  Barracks  
  86  6:40  SCV  
  86  6:41  Marine  
  86  6:42  SCV, Marine  
  86  6:45  Marine x2  
  86  6:48  Marine  
  76  6:56  Orbital Command, SCV  
  76  6:58  Starport Reactor, SCV  
  76  6:59  Marine  
  76  7:00  Marine  
  80  7:02  Marine  
  80  7:03  Marine  
  85  7:10  Marine  
  85  7:12  SCV x2  
  88  7:17  Marine  
  88  7:18  Marine  
  78  7:25  SCV x2  
Show
View Real Time Build Order
Export as new Build Order

YoungYakov Zerg - Winner!

Build Orders: Hatch First 

Get SALT Encoding   

  12  0:00  Drone  
  13  0:12  Overlord  
  13  0:16  Drone  
  14  0:30  Drone  
  14  0:31  Drone  
  16  0:47  Hatchery  
  15  0:51  Drone  
  15  0:54  Drone  
  17  0:57  Drone  
  18  1:08  Extractor  
  17  1:13  Spawning Pool  
  17  1:15  Drone  
  17  1:19  Drone  
  18  1:28  Drone  
  19  1:38  Drone  
  20  1:49  Drone  
  21  1:59  Queen x2  
  21  2:01  Zergling x4  
  27  2:10  Overlord  
  27  2:11  Drone  
  28  2:20  Extractor  
  27  2:23  Drone  
  27  2:29  Hatchery  
  27  2:31  Drone  
  27  2:35  Drone x2  
  27  2:36  Extractor  
  30  2:41  Queen  
  32  2:46  Overlord  
  32  2:49  Drone  
  34  2:53  Extractor  
  34  2:55  Drone x2  
  35  3:02  Metabolic Boost  
  36  3:07  Drone x2  
  36  3:10  Drone x3  
  41  3:17  Queen  
  43  3:20  Overlord  
  43  3:23  Drone  
  44  3:30  Overlord  
  44  3:37  Queen  
  44  3:39  Drone x2  
  44  3:40  Queen  
  50  3:41  Drone  
  50  3:42  Drone  
  50  3:46  Drone x2  
  54  3:50  Drone x2  
  54  3:52  Zergling x4  
  58  3:56  Zergling x4  
  58  3:59  Drone  
  58  4:02  Overlord  
  61  4:03  Drone  
  61  4:08  Zergling x2  
  62  4:13  Drone x2  
  65  4:17  Drone, Overlord  
  65  4:18  Baneling Nest  
  65  4:19  Overlord  
  65  4:21  Overlord  
  64  4:25  Drone x2  
  66  4:31  Overlord  
  66  4:37  Drone x4  
  70  4:39  Lair  
  70  4:42  Spore Crawler  
  70  4:43  Spore Crawler x2  
  70  4:45  Drone x4  
  68  4:48  Extractor  
  68  4:52  Drone x3  
  73  4:54  Queen  
  73  4:55  Extractor  
  73  4:58  Zergling x6  
  77  5:02  Overlord  
  77  5:03  Baneling x3  
  77  5:07  Zergling x4  
  77  5:14  Zergling x6, Extractor  
  81  5:16  Queen  
  81  5:20  Drone x4  
  87  5:26  Extractor  
  86  5:30  Queen  
  86  5:32  Baneling  
  86  5:33  Baneling  
  88  5:36  Queen  
  88  5:38  Spore Crawler  
  88  5:41  Zergling x4, Hatchery  
  90  5:43  Overseer  
  90  5:46  Drone x5  
  90  5:49  Centrifugal Hooks  
  94  5:53  Drone x2  
  94  5:57  Baneling x3  
  83  6:04  Zergling x16  
  83  6:11  Evolution Chamber  
  86  6:12  Evolution Chamber  
  86  6:18  Zergling x20  
  91  6:25  Drone x2  
  93  6:29  Hydralisk Den  
  93  6:31  Drone x2  
  94  6:34  Drone  
  95  6:42  Drone x2  
  95  6:47  Drone x4  
  95  6:52  Queen  
  99  6:54  Drone x3  
  99  6:57  Overlord  
  99  6:59  Drone x6  
  106  7:06  Baneling x6  
  106  7:11  Spore Crawler  
  106  7:13  Spore Crawler  
  106  7:14  Overlord  
  102  7:22  Drone x3  
  100  7:23  Drone  
Tags
 
Add a new tag
Caveats
  • Supply blocks, unpowered buildings, or Contaminate may cause inaccurate times.
  • Supply counts are checked every 10 seconds.